 Dungeon Crawl Stone Soup version 0.29.0-4-gdea44cf6ec (webtiles) character file.

Game seed: 9105362875546545826

28 qw the Chopper (level 2, -1/26 HPs)
             Began as a Minotaur Fighter on Sept 8, 2022.
             Slain by a goblin
             ... wielding a +0 dagger
             ... led by Robin
              (3 damage)
             ... on level 2 of the Dungeon.
             The game lasted 00:00:05 (189 turns).

qw the Chopper (Minotaur Fighter)                    Turns: 189, Time: 00:00:06

Health: -1/26      AC:  6    Str: 20    XL:     2   Next: 96%
Magic:  1/1        EV:  9    Int:  5    God:
Gold:   0          SH:  4    Dex:  9    Spells: 1/1 levels left

rFire   . . .      SeeInvis .   a - +0 war axe
rCold   . . .      Faith    .   c - +0 buckler
rNeg    . . .      Spirit   .   b - +0 scale mail
rPois   .          Reflect  .   (helmet restricted)
rElec   .          Harm     .   (no cloak)
rCorr   .          Rampage  .   (no gloves)
Will    .....                   (no boots)
Stlth   ..........              (no amulet)
HPRegen 0.08/turn               (no ring)
MPRegen 0.07/turn               (no ring)

@: no status effects
A: horns 2, retaliatory headbutt
a: no special abilities


You were on level 2 of the Dungeon.
You visited 1 branch of the dungeon, and saw 2 of its levels.


Innate Abilities, Weirdness & Mutations

You have a pair of horns on your head.
You reflexively headbutt those who attack you in melee.


   Skills:
 - Level 3.6 Fighting
 + Level 4.2 Axes
 - Level 3.6 Armour
 - Level 3.6 Shields


You had one spell level left.
You didn't know any spells.
Your spell library was empty.

Inventory:

Hand Weapons
 a - a +0 war axe (weapon)
 e - a +1 mace of draining
Armour
 b - a +0 scale mail (worn)
 c - a +0 buckler (worn)
Potions
 d - a potion of might

Dungeon Overview and Level Annotations

Branches:
Dungeon (2/15)

Altars:


Message History

The goblin hits you with a club.
You hit the hobgoblin.
You kill the hobgoblin!
You hit the goblin. The goblin hits you with a +0 club.
You slash the goblin!
You kill the goblin!
You slash Robin! Robin hits you but does no damage.
You hit Robin.
Robin is severely wounded.
Robin misses you.
A hobgoblin comes into view.
Robin roars a battlecry!
The hobgoblin goes into a battle-frenzy!
The goblin shouts!
You hear a shout!
You hit Robin.
Robin is severely wounded.
You closely miss the hobgoblin. Robin misses you.
A goblin comes into view. It is wielding a +0 club.
The hobgoblin hits you but does no damage.
You slash Robin!
You kill Robin!
You closely miss the hobgoblin. The hobgoblin barely misses you.
Your Axes skill increases to level 4!
You closely miss the goblin. You barely miss the hobgoblin.
The goblin hits you with a +0 club. You block the hobgoblin's attack.
The goblin hits you with a +0 club.
The hobgoblin hits you but does no damage.
You closely miss the goblin. You headbutt the goblin.
You kill the goblin!
You hit the hobgoblin. The hobgoblin hits you.
You slash the hobgoblin!
You kill the hobgoblin!
You closely miss the goblin. The goblin hits you with a +0 dagger.
You die...

### ###########
##.###.........#
#...##.#######.#####
.......# #.....g@).#
#...#### #.###.###.#
##.## #.. # #.# #.#
#.# #g. ##'## #.#
#...## #.. .....##
.g ......#


You could see a goblin (strong).

Vanquished Creatures
  Robin (D:2)
  A worm (D:2)
  6 goblins (D:2)
  4 hobgoblins (D:2)
  A quokka (D:2)
13 creatures vanquished.

Notes
Turn   | Place    | Note
-------+----------+-------------------------------------------
     0 | D:1      | qw the Minotaur Fighter began the quest for the Orb.
     0 | D:1      | Reached XP level 1. HP: 19/19 MP: 0/0
     0 | D:1      | 0 ||| qw: Version: 0.1-a-112-g44dc6cd
     0 | D:1      | 0 ||| qw: Game counter: 6737
     0 | D:1      | 0 ||| qw: Always use a shield: true
     0 | D:1      | 0 ||| qw: God list: Ru
     0 | D:1      | 0 ||| qw: Allow faded altars: false
     0 | D:1      | 0 ||| qw: Do Orc after D:15 true
     0 | D:1      | 0 ||| qw: Do second Lair branch before Depths: true
     0 | D:1      | 0 ||| qw: Lair rune preference: random
     0 | D:1      | 0 ||| qw: Plans: Normal
     0 | D:1      | 0 ||| PLANNING D:1-11
    33 | D:1      | You fall into a shaft and drop 1 floor!
   141 | D:2      | Reached skill level 3 in Axes
   169 | D:2      | 169 ||| Stepping ~*~*~tactically~*~*~ (stealth).
   173 | D:2      | 173 ||| Stepping ~*~*~tactically~*~*~ (stealth).
   177 | D:2      | Reached XP level 2. HP: 25/26 MP: 1/1
   180 | D:2      | Noticed Robin
   186 | D:2      | Killed Robin
   187 | D:2      | Reached skill level 4 in Axes
   187 | D:2      | HP: 6/26 [goblin/+0 club[Robin] (5)]
   188 | D:2      | HP: 1/26 [hobgoblin[Robin] (5)]
   189 | D:2      | Slain by a goblin

Levels and vault maps discovered:
D:1:      minmay_arrival_split_and_join, layout_loops_cross,
          hellmonk_ecumenical_altar_pennies_from_heaven, serial_glass,
          glass_columns_a, glass_columns_b, glass_columns_a, glass_columns_a,
          glass_columns_c, glass_columns_c, glass_columns_b, glass_columns_b,
          glass_columns_b, glass_columns_b, glass_columns_a, glass_columns_b,
          glass_columns_a, glass_columns_b, corexii_leaking_fountain
D:2:      layout_loops_corners, basic_altar, uniq_robin

Skill      XL: |  1  2 |
---------------+-------+-----
Axes           | 3 4 |  4.2
Fighting       | |  3.6
Armour         | |  3.6
Shields        | |  3.6

Action                   || total
-------------------------++-------
Melee: War axe           ||    21
       Headbutt          ||     3
Armor: Scale mail        ||     9
Dodge: Dodged            ||     5
Block: Buckler           ||     4

Table legend:
 A = Non-vault XP
 B = Vault XP
 C = Vault XP percentage of total XP
 D = Non-vault monster count
 E = Vault monster count
 F = Vault count percentage of total count
                 A         B        C        D         E       F
            +---------+---------+-------+---------+---------+-------
      Total |       7 |      35 |  83.3 |       2 |      11 |  84.6
            +---------+---------+-------+---------+---------+-------
        D:2 |       7 |      35 |  83.3 |       2 |      11 |  84.6
            +---------+---------+-------+---------+---------+-------
